 Dungeon Crawl Stone Soup version 0.29-a0-911-g88e6f02907 (webtiles) character file.

Game seed: 11747119783704661993

18 zeratav the Stinger (level 2, -3/17 HPs)
             Began as an Octopode Venom Mage on July 25, 2022.
             Slain by a worm (12 damage)
             ... on level 2 of the Dungeon.
             The game lasted 00:00:53 (1358 turns).

zeratav the Stinger (Octopode Venom Mage)           Turns: 1358, Time: 00:00:54

Health: -3/17      AC:  1    Str:  7    XL:     2   Next: 66%
Magic:  5/5        EV: 13    Int: 17    God:
Gold:   9          SH:  0    Dex: 12    Spells: 4/5 levels left

rFire   . . .      SeeInvis .   d - +0 dagger {short}
rCold   . . .      Faith    .   (no shield)
rNeg    . . .      Spirit   .   (helmet restricted)
rPois   .          Reflect  .   (no amulet)
rElec   .          Harm     .   (no ring)
rCorr   .          Rampage  .   (no ring)
Will    .....                   (no ring)
Stlth   +++.......              (no ring)
HPRegen 0.05/turn               (no ring)
MPRegen 0.09/turn               (no ring)
                                (no ring)
                                (no ring)

@: no status effects
A: almost no armour, amphibious, 8 rings, camouflage 1, gelatinous body 1,
(nimble swimmer 1), tentacles
a: no special abilities


You were on level 2 of the Dungeon.
You visited 1 branch of the dungeon, and saw 2 of its levels.

You collected 9 gold pieces.


Innate Abilities, Weirdness & Mutations

You cannot wear most types of armour.
You are amphibious.
You can wear up to eight rings at the same time.
Your skin changes colour to match your surroundings (Stealth+).
Your rubbery body absorbs attacks. (AC +1, EV +1)
((You are camouflaged when in or above water. (Stealth+)))
You have tentacles for arms and can constrict up to eight enemies at once.


   Skills:
 - Level 2.0 Dodging
 + Level 3.7 Stealth
 - Level 2.0 Spellcasting
 - Level 1.0 Transmutations
 + Level 4.2 Poison Magic


You had 4 spell levels left.
You knew the following spells:

 Your Spells              Type           Power      Damage    Failure   Level
a - Sting                 Tmut/Pois      40%        1d5       7%          1

Your spell library contained the following spells:

 Spells                   Type           Power      Damage    Failure   Level
 Poisonous Vapours        Pois/Air       16%        N/A       12%         2
 Necrotise                Necr           4%         1d4       19%         1
 Mephitic Cloud           Conj/Pois/Air  6%         N/A       32%         3
 Olgreb's Toxic Radiance  Pois           16%        N/A       34%         4
 Vampiric Draining        Necr           1%         2d6       50%         3
 Agony                    Necr           1%         N/A       99%         5

Inventory:

Hand Weapons
 d - a +0 dagger (weapon) {short}
   (You took it off a goblin on level 1 of the Dungeon)
Scrolls
 b - a scroll of brand weapon {unknown}
 c - 3 scrolls of identify {unknown}
 f - a scroll of vulnerability {unknown}
Potions
 a - a potion of magic
 e - a potion of mutation {unknown}
 g - a potion of flight {unknown}

Dungeon Overview and Level Annotations

Branches:
Dungeon (2/15) Zot: 10641

Altars:

#..............##
#########>........
. #.######## .. #.#
######### ...
#.###....g... ....
#............
....####.#.#)#.....
#.......#(# ...
#.w@....#.# .
#....?..#.# ...
#.......#)#.....
#...............#
#####+###########


You could see a worm.


Message History

A kobold is nearby!
The kobold hits you but does no damage.
You hit the kobold but do no damage. Your grab misses the kobold.
The kobold hits you with a +0 short sword.
HP[-3]
You take 3 damage, and now have 14/17 hp.
You hit the kobold but do no damage. Your grab misses the kobold.
Your squeeze misses the kobold.
The kobold hits you with a +0 short sword.
HP[-4]
You take 4 damage, and now have 10/17 hp.
MASSIVE DAMAGE!! (PAUSE)
You hit the kobold.
You kill the kobold!
No target in view!
No target in view!
No target in view!
No target in view!
No target in view!
No target in view!
No target in view!
No target in view!
No target in view!
No target in view!
No target in view!
No target in view!
Things that are here:
a +0 short sword {short}; a stone {throwing}; a kobold corpse A giant cockroach comes into view.
HP[+7]
Your hp is fully restored (17).
A giant cockroach is nearby!
The helpless giant cockroach fails to defend itself.
You hit the giant cockroach.
You kill the giant cockroach!
No target in view!
No target in view!
No target in view!
No target in view!
No target in view!
No target in view!
No target in view!
No target in view!
You see here a +0 ring mail.
There is an open door here.
You open the door.
There is an open door here.
You see here an orb of energy.
There is an open door here.
Done exploring.
Done exploring.
(D) Dungeon
Where to? (? - help)
There is a stone staircase leading down here.
You climb downwards.
There is a stone staircase leading up here.
Found a stone staircase leading down.
There is a stone staircase leading down here.
A kobold comes into view. It is wielding a +0 whip.
A goblin comes into view. It is wielding a +0 club.
A kobold comes into view. It is wielding a +0 club.
The helpless kobold fails to defend itself.
You hit the kobold.
You kill the kobold!
Things that are here:
a +0 whip {mace}; 2 stones {throwing}; a kobold corpse You see here 2 stones {throwing}.
You see here 3 gold pieces.
The helpless kobold fails to defend itself.
You puncture the kobold!
You kill the kobold!
No target in view!
No target in view!
No target in view!
No target in view!
No target in view!
No target in view!
No target in view!
No target in view!
No target in view!
No target in view!
No target in view!
No target in view!
No target in view!
No target in view!
No target in view!
No target in view!
You now have 9 gold pieces (gained 3).
You see here a +0 club {mace}.
A worm comes into view.
A worm is nearby!
You hit the worm. You grab the worm. You constrict the worm. You hit the worm.
You squeeze the worm. You constrict the worm. The worm bites you!
HP[-8]
You take 8 damage, and now have 9/17 hp.
MASSIVE DAMAGE!! (PAUSE)
You hit the worm but do no damage. You constrict the worm. The worm bites you!
Ouch! That really hurt!
You die...

Skill      XL: |  1 |
---------------+----+-----
Stealth        | 3 |  3.7
Poison Magic   | 4 |  4.2
Dodging        | |  2.0
Spellcasting   | |  2.0
Transmutations | |  1.0

Action                   || total
-------------------------++-------
Melee: Dagger            ||    28
       Tentacles         ||     6
       Constrict         ||     5
       Unarmed           ||     1
 Cast: Sting             ||     6
 Stab: Sleeping          ||     7
Armor: Skin              ||     1
Dodge: Dodged            ||    11

Levels and vault maps discovered:
D:1:      dpeg_arrival_leaves_temple_mockup, layout_basic
D:2:      layout_basic, dreamdust_ecumenical_altar_hidden_monk_grotto,
          minmay_pentomino_o2

Notes
Turn   | Place    | Note
-------+----------+-------------------------------------------
     0 | D:1      | zeratav the Octopode Venom Mage began the quest for the
                  | Orb.
     0 | D:1      | Reached XP level 1. HP: 11/11 MP: 3/3
     0 | D:1      | magus.rc [v1.9.6]
   113 | D:1      | Reached skill level 3 in Stealth
   172 | D:1      | HP: 2/11 [kobold/+0 dagger (4)]
   565 | D:1      | You pick up a book of Necromancy and begin reading...
   565 | D:1      | You add the spells Necrotise, Vampiric Draining and Agony
                  | to your library.
   581 | D:1      | Reached skill level 4 in Poison Magic
   581 | D:1      | Reached XP level 2. HP: 17/17 MP: 5/5
  1358 | D:2      | Slain by a worm

Vanquished Creatures
  An endoplasm (D:1)
  A giant cockroach (D:1)
  2 goblins (D:1)
  2 hobgoblins (D:1)
  6 kobolds
  2 quokkas (D:1)
  A frilled lizard (D:1)
  A rat (D:1)
16 creatures vanquished.

Table legend:
 A = Non-vault XP
 B = Vault XP
 C = Vault XP percentage of total XP
 D = Non-vault monster count
 E = Vault monster count
 F = Vault count percentage of total count
                 A         B        C        D         E       F
            +---------+---------+-------+---------+---------+-------
      Total |      25 |       1 |   3.8 |      15 |       1 |   6.2
            +---------+---------+-------+---------+---------+-------
        D:1 |      24 |       0 |   0.0 |      14 |       0 |   0.0
        D:2 |       1 |       1 |  50.0 |       1 |       1 |  50.0
            +---------+---------+-------+---------+---------+-------

Illustrated notes

Table legend:
 A = Kills in this place as a percentage of kills in entire the game.
 B = Kills by you in this place as a percentage of kills by you in the entire game.
 C = Kills by friends in this place as a percentage of kills by friends in the entire game.
 D = Other kills in this place as a percentage of other kills in the entire game.
 E = Experience gained in this place as a percentage of experience gained in the entire game.
 F = Experience gained in this place divided by the number of levels of this place that you have seen.
                   A       B       C       D       E      F
               +-------+-------+-------+-------+-------+----------------------
         Total | 100.0 | 100.0 |   N/A |   N/A | 100.0 |  13.0
       Dungeon | 100.0 | 100.0 |   N/A |   N/A | 100.0 |  13.0
               +-------+-------+-------+-------+-------+----------------------

Table legend: (Time is in decaauts)
 A = Elapsed time spent in this place.
 B = Non-inter-level travel time spent in this place.
 C = Inter-level travel time spent in this place.
 D = Time resting spent in this place.
 E = Time spent auto-exploring this place.
 F = Levels seen in this place.
 G = Mean time per level.
                   A        B        C        D        E       F      G
               +--------+--------+--------+--------+--------+-----+--------+
         Total |   1357 |   1344 |     13 |      0 |   1227 |   2 |  678.5 |
       Dungeon |   1357 |   1344 |     13 |      0 |   1227 |   2 |  678.5 |
               +--------+--------+--------+--------+--------+-----+--------+

Top non-repeatable levels by time:
     D:1: 1302 daAuts
     D:2: 54 daAuts
